 Dungeon Crawl Stone Soup version 0.21.1 (webtiles) character file.

27 shakethe the Unweaver (level 2, 0/36 HPs)
             Began as a Demonspawn Abyssal Knight on Feb 3, 2018.
             Was a Follower of Lugonu.
             Slain by a worm (2 damage)
             ... on level 2 of the Dungeon.
             The game lasted 00:07:49 (1859 turns).

shakethe the Unweaver (Demonspawn Abyssal Knight)   Turns: 1859, Time: 00:07:50

Health: 0/36       AC: 21    Str: 12    XL:     2   Next: 93%
Magic:  4/4        EV:  2    Int: 18    God:    Lugonu [*.....]
Gold:   44         SH:  0    Dex: 12    Spells: 1/1 levels left

rFire    . . .     SeeInvis .   a - +1 mace
rCold    . . .     Gourm    .   (no shield)
rNeg     + + +     Faith    .   (armour currently unavailable)
rPois    +         Spirit   .   (helmet currently unavailable)
rElec    .         Reflect  .   (cloak currently unavailable)
rCorr    .         Harm     .   (gloves currently unavailable)
MR       .....     NoTele   +   (boots currently unavailable)
Stlth    +.........             (no amulet)
HPRegen  0.12/turn              j - +5 ring of intelligence
MPRegen  0.09/turn              (no ring)

@: tree-form
A: rot immunity
a: Depart the Abyss, Renounce Religion


You were on level 2 of the Dungeon.
You worshipped Lugonu.
Lugonu was aware of your devotion.
You were not hungry.
You were a tree.
You visited 1 branch of the dungeon, and saw 2 of its levels.
You visited the Abyss 1 time.

You collected 44 gold pieces.

Inventory:

Hand Weapons
 a - a +1 mace (weapon)
 d - a +0 whip
 g - a cursed -2 mace
 l - a +0 hand axe
Missiles
 k - 9 poisoned needles
 m - 13 stones (quivered)
Armour
 b - a +0 leather armour (melded)
 h - a +0 leather armour
Jewellery
 j - a +5 ring of intelligence (left branch)
Potions
 e - 2 potions of mutation {unknown}
Comestibles
 i - a ration


   Skills:
 - Level 3.0 Fighting
 + Level 2.6 Maces & Flails
 - Level 1.7 Armour
 - Level 0.8 Dodging
 + Level 3.4 Invocations


You had one spell level left.
You didn't know any spells.

Dungeon Overview and Level Annotations

Branches:
Dungeon (2/15)

Altars:


Innate Abilities, Weirdness & Mutations

You are immune to rotting.


Message History

You cannot move.
You cannot move.
The bat hits you but does no damage. The kobold hits you but does no damage.
The bat hits you but does no damage. x2
The kobold hits you but does no damage. The bat hits you but does no damage.
The bat barely misses you. The kobold hits you with a short sword.
* * * LOW HITPOINT WARNING * * *
The bat barely misses you. The kobold hits you but does no damage.
The bat hits you but does no damage. The kobold barely misses you.
The bat hits you but does no damage. The kobold hits you but does no damage.
The worm bites you.
* * * LOW HITPOINT WARNING * * *
The bat hits you but does no damage. The kobold hits you but does no damage.
The bat hits you but does no damage. The kobold hits you but does no damage.
The bat hits you but does no damage. The worm bites you but does no damage.
The kobold hits you but does no damage. The bat hits you but does no damage.
The kobold hits you but does no damage. The bat hits you but does no damage.
The worm bites you.
You die...

#.........#
#.........#
#.........#
#.........#
#.........#
###.........####
.......w†).....#
......bK♣......#
.......((..###..#
)......<####
....#.#..# ...
#.##.# .. # .# .#
.. ..


You could see a worm, a bat and a kobold.

Vanquished Creatures
  A dart slug (D:1)
  4 bats (D:1)
  A giant cockroach (D:1)
  A goblin (D:1)
  6 hobgoblins
  4 jackals (D:1)
  3 kobolds
  A rat (D:1)
21 creatures vanquished.

Notes
Turn   | Place    | Note
-------+----------+-------------------------------------------
     0 | Abyss:1  | shakethe the Demonspawn Abyssal Knight began the quest for the Orb.
     0 | Abyss:1  | Reached XP level 1. HP: 18/18 MP: 2/2
     7 | D:1      | Escaped the Abyss
   390 | D:1      | Gained mutation: You are immune to rotting. [demonic ancestry]
   390 | D:1      | Reached XP level 2. HP: 18/24 MP: 2/4
   826 | D:1      | Reached * piety under Lugonu
  1855 | D:2      | HP: 1/36 [worm (4)]
  1859 | D:2      | Slain by a worm

Skill      XL: |  1 |
---------------+----+-----
Maces & Flails | 2 |  2.6
Invocations    | 3 |  3.4
Fighting       | |  3.0
Armour         | |  1.7
Dodging        | |  0.8

Action                   || total
-------------------------++-------
Melee: Mace              ||    71
Invok: Depart the Abyss  ||     1
  Use: Scroll            ||     4
       Potion            ||     1
  Eat: Ration            ||     1
Armor: Leather armour    ||    51
       Skin              ||    21
Dodge: Dodged            ||    93
